 Dungeon Crawl Stone Soup version 0.20-a0-1122-gb7cbeb9 (webtiles) character file.

38 Kriby the Magician (level 3, -4/21 HPs)
             Began as an Octopode Wizard on May 13, 2017.
             Slain by a gnoll
             ... wielding a +0 spear
              (10 damage)
             ... on level 2 of the Dungeon.
             The game lasted 00:01:44 (1334 turns).

Kriby the Magician (Octopode Wizard)                Turns: 1334, Time: 00:01:44

Health: -4/21      AC:  1    Str:  6    XL:     3   Next: 43%
Magic:  5/7        EV: 13    Int: 21    God:
Gold:   27         SH:  0    Dex: 10    Spells: 4/8 levels left

rFire    . . .     SeeInvis .   (no weapon)
rCold    . . .     Gourm    .   (no shield)
rNeg     . . .     Faith    .   a - +0 hat
rPois    .         Spirit   .   (no amulet)
rElec    .         Reflect  .   (no ring)
rCorr    .         Harm     .   (no ring)
MR       .....                  (no ring)
Stlth    +++.......             (no ring)
Regen    0.1/turn               (no ring)
MPRegen  0.1/turn               (no ring)
                                (no ring)
                                (no ring)

@: about to teleport
A: almost no armour, stealthy swim, amphibious, 8 rings, constrict 8, camouflage
1, gelatinous body 1
a: no special abilities


You were on level 2 of the Dungeon.
You were not hungry.

You visited 1 branch of the dungeon, and saw 2 of its levels.

You collected 27 gold pieces.

Inventory:

Armour
 a - a +0 hat (worn)
Scrolls
 d - a scroll of magic mapping {unknown}
 f - a scroll of teleportation
 i - a scroll of enchant armour {unknown}
 j - 3 scrolls of identify {unknown}
Potions
 e - a potion of brilliance {unknown}
 h - a potion of mutation {unknown}
 k - 2 potions of flight {unknown}
Books
 b - a book of Minor Magic

   Spells                             Type                      Level
   a - Magic Dart                     Conjuration                  1
   b - Blink                          Translocation                2
   c - Call Imp                       Summoning                    2
   d - Slow                           Hexes                        2
   e - Conjure Flame                  Conjuration/Fire             3
   f - Mephitic Cloud                 Conjuration/Poison/Air       3
Comestibles
 c - a bread ration


   Skills:
 - Level 2.0 Dodging
 - Level 2.6 Stealth
 - Level 3.3 Spellcasting
 - Level 2.4 Conjurations
   Level 1.0 Summonings
   Level 1.0 Translocations
 + Level 1.2 Poison Magic


You had 4 spell levels left.
You knew the following spells:

 Your Spells              Type           Power        Failure   Level  Hunger
a - Magic Dart            Conj           ##..         4%          1    None
b - Mephitic Cloud        Conj/Pois/Air  #.......     24%         3    ###....


Dungeon Overview and Level Annotations

Branches:
Dungeon (2/15)

Altars:
Cheibriados


Innate Abilities, Weirdness & Mutations

You cannot wear most types of armour.
You are very stealthy in the water. (Stealth+)
You are amphibious.
You can wear up to eight rings at the same time.
You can use your tentacles to constrict eight enemies at once.
Your skin changes colour to match your surroundings (Stealth+).
Your rubbery body absorbs attacks. (AC +1, EV +1)


Message History

The magic dart hits the gnoll.
The gnoll is moderately wounded.
The gnoll hits you with a spear.
Casting: Magic Dart
Confirm with . or Enter, or press ? or * to list all spells.
Aiming: Magic Dart
Press: ? - help, Shift-Dir - straight line, f/p - gnoll
Aim: a gnoll, wielding a spear (moderately wounded)
The magic dart hits the gnoll.
The gnoll is severely wounded.
The gnoll hits you with a spear!
* * * LOW HITPOINT WARNING * * *
As you read the scroll labeled ADOYXU OMIE, it crumbles to dust.
You feel strangely unstable.
It was a scroll of teleportation.
The gnoll hits you but does no damage. The gnoll closely misses you.
You climb downwards.
There is a stone staircase leading up here.
The gnoll hits you with a spear!
You die...

#.. #.# ... #.#
#.####.#.
#######........
#...g......#.##
#.########.# #
#...g@# # #
####### # # #
g..### ....†.
....## ( # #


You could see a gnoll.

Vanquished Creatures
  2 gnolls
  A leopard gecko (D:1)
  A giant cockroach (D:1)
  2 goblins
  2 hobgoblins (D:1)
  4 kobolds
  A bat (D:1)
  5 frilled lizards
  2 rats (D:1)
20 creatures vanquished.

Notes
Turn   | Place    | Note
-------+----------+-------------------------------------------
     0 | D:1      | Kriby the Octopode Wizard began the quest for the Orb.
     0 | D:1      | Reached XP level 1. HP: 11/11 MP: 4/4
   354 | D:1      | Reached XP level 2. HP: 17/17 MP: 0/6
   844 | D:2      | Found a snail-covered altar of Cheibriados.
   995 | D:1      | Reached XP level 3. HP: 7/21 MP: 2/7
  1000 | D:1      | Learned a level 3 spell: Mephitic Cloud
  1254 | D:2      | Reached skill level 1 in Poison Magic
  1334 | D:2      | Slain by a gnoll

Vault maps used:
D:1:      wheals_arrival_shading
D:2:      old_standard_altar

Skill      XL: |  1  2  3 |
---------------+----------+-----
Conjurations   | 2 |  2.4
Poison Magic   | 1 |  1.2
Dodging        | |  2.0
Stealth        | |  2.6
Spellcasting   | |  3.3
Summonings     | |  1.0
Translocations | |  1.0

Action                   || total
-------------------------++-------
Melee: Unarmed           ||     4
       Constrict         ||     1
       Tentacles         ||     1
 Cast: Magic Dart        ||    58
  Use: Scroll            ||     1
  Eat: Chunk             ||     1
Armor: Skin              ||     1
Dodge: Dodged            ||    15
